Map: Submarine LE

Players

LiquidClem (Clem)

  • Race: Terran Terran
  • League: Grandmaster
  • Spawn Location: 11:00

AqueroN - Winner!

  • Race: Terran Terran
  • League: Grandmaster
  • Spawn Location: 5:00

Event: DreamHack SC2 Masters 2020 Winter

VOD

Have the link to the VOD?

Description

Time

  • Played on: Oct. 27, 2020, 3:26 p.m.
  • Length: 15:31

All games in this series

Show
View Real Time Build Order
Export as new Build Order

LiquidClem Terran 

Build Orders:  

Get SALT Encoding   

  12  0:00  SCV  
  13  0:12  SCV  
  14  0:17  Supply Depot  
  14  0:24  SCV  
  15  0:38  SCV  
  15  0:39  Barracks  
  16  0:44  Refinery  
  16  0:51  SCV  
  16  0:52  Refinery  
  17  1:03  SCV  
  18  1:15  SCV  
  19  1:26  Reaper  
  19  1:28  Orbital Command  
  19  1:29  Supply Depot  
  20  1:40  Factory  
  20  1:48  Supply Depot  
  20  1:53  SCV  
  21  1:58  Reaper  
  22  2:05  SCV  
  23  2:17  SCV  
  24  2:24  Hellion  
  25  2:30  SCV  
  25  2:31  Barracks Reactor  
  26  2:40  Reaper  
  26  2:42  Command Center  
  26  2:44  SCV  
  26  2:46  Widow Mine  
  29  2:53  Starport  
  29  2:56  SCV  
  30  3:08  SCV, Factory Tech Lab  
  30  3:09  Supply Depot  
  31  3:13  Barracks Reactor  
  31  3:21  SCV  
  31  3:27  Cyclone  
  35  3:31  Viking  
  37  3:34  SCV  
  38  3:47  SCV  
  38  3:49  Marine  
  38  3:50  Marine  
  40  3:56  Orbital Command  
  40  3:58  Refinery  
  40  3:59  SCV  
  41  4:07  Factory Tech Lab  
  41  4:09  Marine x2  
  43  4:11  SCV, Orbital Command  
  43  4:12  Raven  
  46  4:23  SCV  
  47  4:27  Marine x2  
  49  4:33  Siege Tank  
  49  4:35  SCV  
  53  4:38  SCV  
  53  4:45  Marine x2  
  55  4:47  SCV  
  55  4:50  SCV  
  55  4:59  SCV  
  56  5:02  SCV, Viking, Marine  
  56  5:03  Marine  
  56  5:05  Siege Tank  
  59  5:09  Supply Depot  
  58  5:16  SCV  
  58  5:17  SCV, Command Center  
  60  5:23  Supply Depot  
  60  5:24  Marine x2  
  62  5:31  SCV x2  
  62  5:32  Supply Depot  
  64  5:40  Refinery  
  62  5:44  SCV  
  62  5:47  Viking  
  62  5:48  Viking  
  67  5:50  SCV  
  67  5:52  Siege Tank  
  67  5:56  SCV  
  72  6:02  SCV  
  69  6:08  Stimpack  
  69  6:10  Marine, Barracks  
  65  6:11  Barracks  
  67  6:19  Supply Depot  
  67  6:20  Viking  
  67  6:24  Viking, Siege Tank  
  67  6:25  Bunker  
  72  6:31  Marine  
  72  6:32  SCV x2  
  75  6:40  Engineering Bay  
  75  6:42  Engineering Bay  
  75  6:44  SCV x2  
  77  6:49  Marine  
  77  6:53  Viking  
  79  6:56  Viking, SCV  
  79  6:57  SCV  
  83  7:06  Marine, Siege Tank  
  83  7:07  Marine  
  75  7:11  Marine  
  75  7:14  SCV x2  
  72  7:24  Marine  
  72  7:25  Marine  
  72  7:29  Viking, Marine  
  71  7:35  SCV  
  71  7:36  SCV  
  75  7:38  Orbital Command, Siege Tank  
  75  7:42  Marine  
  75  7:43  Marine  
  76  7:47  Marine  
  76  7:49  Combat Shield  
  77  7:54  Barracks x2  
  77  7:58  SCV  
  77  7:59  SCV  
  77  8:00  Marine  
  77  8:01  Medivac, Marine  
  77  8:05  SCV  
  82  8:06  Marine  
  82  8:11  SCV x2  
  85  8:13  Siege Tank  
  85  8:18  Marine  
  85  8:19  Supply Depot, Marine  
  90  8:24  Marine  
  91  8:31  Medivac  
  93  8:35  Marine  
  93  8:37  Marine  
  95  8:41  Supply Depot  
  95  8:42  Terran Infantry Weapons Level 1, Marine, Terran Infantry Armor Level 1  
  95  8:43  Marine  
  95  8:45  Marine  
  98  8:53  Marine  
  98  8:54  Marine  
  100  8:58  Supply Depot  
  100  9:00  Marine  
  100  9:01  Marine  
  102  9:03  Marine  
  103  9:11  Marine  
  103  9:12  SCV x2, Marine  
  107  9:18  Marine  
  107  9:19  Marine  
  107  9:21  Marine  
  106  9:26  Medivac  
  106  9:29  Marine  
  106  9:30  Marine  
  110  9:36  Marine  
  110  9:37  Marine  
  101  9:38  Marine  
  101  9:39  Orbital Command  
  101  9:42  SCV  
  101  9:43  SCV  
  101  9:44  Factory Tech Lab  
  95  9:47  Marine  
  95  9:48  Marine  
  95  9:50  Barracks  
  95  9:51  Barracks  
  97  9:53  Marine  
  97  9:55  Marine  
  97  9:56  Medivac, Marine  
  97  9:57  Armory  
  102  10:00  Refinery  
  102  10:02  Refinery  
  102  10:04  Marine  
  102  10:06  Marine  
  104  10:07  Sensor Tower  
  104  10:10  Siege Tank  
  104  10:11  Marine  
  104  10:13  Marine  
  106  10:14  Marine  
  93  10:22  Marine  
  93  10:23  Marine  
  93  10:28  SCV x2, Starport Reactor  
  94  10:29  Marine  
  94  10:30  SCV, Marine  
  94  10:32  Marine  
  96  10:38  Marine  
  96  10:40  Marine  
  96  10:41  Marine x2  
  96  10:42  Siege Tank  
  103  10:43  SCV  
  103  10:47  Supply Depot, Marine, Terran Infantry Weapons Level 2  
  105  10:51  Terran Infantry Armor Level 2  
  105  10:55  Marine x2  
  107  10:57  Marine  
  107  10:58  Marine  
  107  11:03  Supply Depot  
  109  11:07  Marine  
  109  11:08  Marine x2  
  111  11:15  Command Center  
  114  11:18  Siege Tank  
  114  11:22  Marine x3  
  114  11:24  Medivac  
  119  11:27  Medivac  
  119  11:30  Terran Vehicle Weapons Level 1  
  119  11:32  Marine x2  
  123  11:33  Marine  
  123  11:35  Marine  
  123  11:39  Marine x2  
  125  11:40  Marine  
  125  11:44  SCV  
  125  11:45  SCV  
  128  11:48  SCV  
  128  11:50  Marine x2  
  128  11:54  Missile Turret, Marine x2, Siege Tank  
  134  12:01  Marine  
  136  12:02  Marine  
  136  12:04  Viking  
  136  12:06  Medivac  
  136  12:08  Marine x2  
  144  12:12  Supply Depot  
  144  12:13  Marine  
  144  12:14  Supply Depot  
  145  12:17  Marine x2  
  145  12:19  Marine  
  147  12:23  SCV x2  
  147  12:26  Marine x3  
  147  12:27  SCV, Siege Tank  
  156  12:31  Marine  
  156  12:35  Marine x2  
  159  12:37  Medivac  
  159  12:38  Medivac  
  159  12:44  Sensor Tower  
  160  12:47  Marine x2  
  160  12:48  Marine x2  
  160  12:51  SCV x3  
  166  12:54  Planetary Fortress  
  166  12:57  Marine x3  
  170  12:59  Siege Tank  
  170  13:05  Marine  
  162  13:15  Marine  
  162  13:19  Medivac x2, Marine x5  
  150  13:23  Marine  
  149  13:31  Siege Tank  
  149  13:33  Marine  
  153  13:37  Marine x3, Starport x2  
  156  13:44  Marine  
  147  13:55  Marine x2  
  147  13:56  Marine x4  
  147  14:02  Marine  
  153  14:03  Siege Tank  
  153  14:06  Supply Depot  
  153  14:08  Command Center  
  157  14:13  Marine x2  
  157  14:14  Marine x2  
  161  14:17  Viking  
  161  14:18  Viking  
  161  14:22  Viking  
  165  14:28  Viking  
  167  14:33  Marine x3  
  167  14:35  Siege Tank  
  161  14:40  Marine x2  
  161  14:42  Marine x2  
  135  14:47  Viking  
  135  14:50  Viking, Marine  
  135  14:51  Marine x2  
  142  14:58  Marine x2  
  142  14:59  Marine  
  131  15:02  Marine  
  106  15:08  Marine x2  
  106  15:09  Marine  
Show
View Real Time Build Order
Export as new Build Order

AqueroN Terran - Winner!

Build Orders:  

Get SALT Encoding   

  12  0:00  SCV  
  13  0:12  SCV  
  14  0:17  Supply Depot  
  14  0:24  SCV  
  15  0:31  Refinery  
  15  0:39  SCV  
  16  0:44  Barracks  
  16  0:51  SCV  
  17  0:57  Refinery  
  17  1:03  SCV  
  18  1:15  SCV  
  19  1:30  Orbital Command  
  19  1:31  Reaper  
  20  1:37  Factory  
  20  1:47  Supply Depot  
  20  1:57  SCV  
  21  2:03  Reaper  
  22  2:09  SCV  
  23  2:21  SCV, Hellion  
  26  2:35  Reaper  
  26  2:36  SCV  
  27  2:43  Command Center  
  29  2:44  Hellion  
  29  2:49  Supply Depot  
  29  2:52  SCV  
  30  3:04  Starport  
  30  3:07  Factory Tech Lab  
  30  3:08  SCV  
  30  3:12  Barracks Reactor  
  31  3:20  SCV  
  32  3:29  Cyclone  
  32  3:33  SCV, Supply Depot  
  35  3:49  Viking, Marine x2  
  35  3:54  SCV  
  40  4:02  Siege Tank  
  43  4:06  SCV, Refinery  
  44  4:12  Marine x2  
  44  4:14  Orbital Command  
  45  4:20  SCV  
  46  4:26  Starport Tech Lab  
  48  4:38  SCV  
  49  4:39  Siege Tank  
  52  4:50  SCV x2, Supply Depot  
  52  4:58  Viking  
  52  4:59  Viking  
  53  5:02  SCV  
  53  5:03  SCV  
  54  5:11  Siege Tank  
  54  5:12  Marine  
  57  5:14  SCV  
  57  5:15  SCV  
  57  5:16  Supply Depot  
  58  5:28  Viking x2  
  58  5:32  SCV x2  
  64  5:39  Supply Depot  
  64  5:44  SCV x2  
  64  5:47  Siege Tank  
  69  5:54  Supply Depot  
  69  5:56  SCV x2  
  68  6:05  Viking x2  
  68  6:09  SCV x2  
  74  6:15  Supply Depot  
  74  6:19  Siege Tank  
  77  6:27  Command Center  
  77  6:35  Viking x2  
  77  6:39  SCV x2  
  83  6:40  Stimpack  
  83  6:41  Marine  
  82  7:00  Barracks x2  
  82  7:06  Refinery  
  82  7:07  SCV  
  78  7:09  Viking x2  
  78  7:15  SCV  
  78  7:28  SCV x2  
  76  7:32  Siege Tank  
  76  7:35  Barracks  
  76  7:36  Barracks  
  77  7:39  Viking x2  
  77  7:40  SCV  
  82  7:44  SCV  
  82  7:46  Marine  
  84  7:53  SCV, Barracks Reactor x2  
  84  7:56  SCV  
  84  7:58  Engineering Bay x2  
  86  7:59  Supply Depot  
  86  8:05  SCV  
  87  8:08  SCV  
  87  8:09  Viking, Liberator  
  93  8:14  Marine  
  93  8:17  SCV  
  95  8:20  SCV, Orbital Command  
  95  8:24  Barracks Reactor  
  95  8:26  Marine x2  
  98  8:27  Siege Tank  
  98  8:29  SCV  
  98  8:33  SCV  
  102  8:41  SCV  
  102  8:42  Marine x3  
  102  8:44  Marine x2  
  102  8:45  SCV  
  107  8:53  SCV  
  107  8:54  Orbital Command  
  108  8:57  SCV  
  108  9:00  Marine x2, Siege Tank  
  111  9:04  Viking x2  
  111  9:05  SCV  
  111  9:06  Marine x2  
  115  9:10  SCV  
  115  9:12  Marine x3  
  118  9:17  Marine  
  118  9:18  Marine  
  118  9:20  Terran Infantry Weapons Level 1, Terran Infantry Armor Level 1  
  118  9:21  SCV x2  
  118  9:22  SCV  
  123  9:24  Combat Shield, Marine x2  
  125  9:36  Marine  
  125  9:38  Marine  
  125  9:39  Marine x2  
  125  9:40  Marine  
  125  9:43  Siege Tank  
  125  9:44  Marine x2  
  120  9:48  Refinery x2  
  120  9:50  Supply Depot x2  
  120  9:55  SCV  
  120  9:56  SCV x2  
  120  9:59  Marine x2  
  125  10:11  Medivac x2, Marine x2  
  130  10:20  Marine x3  
  115  10:21  Barracks Reactor  
  115  10:22  Barracks Reactor  
  115  10:25  Supply Depot x2  
  115  10:26  Armory  
  115  10:28  Barracks  
  114  10:29  Barracks x2  
  114  10:30  Marine, Siege Tank  
  114  10:31  Marine  
  114  10:33  SCV x3  
  122  10:36  Command Center  
  122  10:38  Marine x3  
  122  10:45  SCV x2  
  122  10:46  SCV, Supply Depot x2, Sensor Tower  
  122  10:48  Marine x2  
  127  10:51  Medivac  
  127  10:53  Medivac  
  127  10:55  Marine  
  127  10:56  Marine  
  133  11:04  Supply Depot x2, Siege Tank  
  133  11:06  Marine  
  133  11:07  Marine x4  
  133  11:10  Marine x2  
  143  11:18  Barracks Reactor x3, Missile Turret, Sensor Tower  
  143  11:19  Marine  
  143  11:20  Marine  
  143  11:25  Marine x2  
  147  11:26  Marine x2  
  149  11:36  Factory, Siege Tank  
  149  11:38  Marine x5  
  157  11:40  Medivac  
  157  11:44  Marine  
  160  11:49  Marine x3  
  163  11:54  Terran Infantry Armor Level 2  
  163  11:56  Marine, Terran Infantry Weapons Level 2  
  163  11:57  Marine x7  
  167  12:03  Marine x3  
  173  12:08  Siege Tank  
  173  12:15  SCV x3, Missile Turret  
  176  12:16  Missile Turret  
  176  12:17  Terran Vehicle Weapons Level 1  
  176  12:20  Marine x5  
  176  12:21  Marine x4  
  185  12:29  Factory Tech Lab  
  184  12:32  Marine  
  184  12:33  Marine  
  184  12:35  Marine x2  
  188  12:40  Siege Tank  
  188  12:42  Marine x4  
  188  12:43  Planetary Fortress  
  194  12:57  Missile Turret  
  194  12:58  Missile Turret  
  194  13:01  Missile Turret  
  194  13:08  Marine  
  194  13:09  Marine  
  194  13:12  Siege Tank x2  
  195  13:16  Marine x2  
  195  13:18  Marine x2  
  195  13:19  Marine  
  177  13:20  Marine x5  
  177  13:22  Medivac x2  
  177  13:26  Marine x2  
  188  13:35  Marine x3  
  188  13:37  Marine x3  
  188  13:38  Marine x2  
  196  13:44  Siege Tank  
  195  13:56  Siege Tank  
  195  14:00  Marine x2  
  200  14:09  Refinery x2  
  200  14:11  Command Center  
  200  14:12  Command Center  
  200  14:37  Siege Tank  
  182  14:43  Marine  
  182  14:44  Marine x3  
  182  14:45  Marine x7  
  150  14:46  Marine x3  
  150  14:47  Marine, Siege Tank  
  150  14:50  Viking x2  
  163  15:01  Marine  
  163  15:02  Marine x4  
  163  15:03  Marine x7  
  163  15:04  Marine x2  
  163  15:05  Marine  
  167  15:12  Starport  
  167  15:13  Starport  
Tags
 
Add a new tag
Caveats
  • Supply blocks, unpowered buildings, or Contaminate may cause inaccurate times.
  • Supply counts are checked every 10 seconds.